 Dungeon Sprint DCSS version 0.19.4-8-ga85b6b9 (webtiles) character file.

14000000 protoss039 the Conqueror (level 27, -121/273 HPs)
             Began as a Ghoul Warper on Feb 13, 2017.
             Was the Champion of Makhleb.
             Annihilated by a fleshlord
             ... wielding a +9 great mace
              (375 damage)
             ... in the Dungeon (Sprint VIII: "Arena of Blood").
             The game lasted 00:05:17 (140 turns).

protoss039 the Conqueror (Ghoul Warper)              Turns: 140, Time: 00:05:18

Health: -121/273   AC:  6    Str: 28    XL:     27
Magic:  36/53      EV: 24    Int:  8    God:    Makhleb [******]
Gold:   0          SH:  0    Dex:  8    Spells: 0 memorised, 80 levels left

rFire  . . .     SeeInvis .     k - +โˆž Axe of Woe
rCold  + . .     Gourm    .     a - +0 leather armour
rNeg   + + +     Faith    .     (shield currently unavailable) rPois โˆž Spirit .
                                (no helmet)
rElec  .         Reflect  .     (no cloak)
rCorr  .         Harm     .     (no gloves)
MR     ++...     NoTele   +     (no boots)
Stlth  +++++++++.               (no amulet)
                                p - +250 ring of slaying
                                o - +250 ring of slaying

@: marked, rotting, slowed, very slow
A: rotting body, claws 1, carnivore 3, cold resistance 1, negative energy
resistance 3, slow regeneration 1, torment resistance, unbreathing
a: Minor Destruction, Lesser Servant of Makhleb, Major Destruction, Greater
Servant of Makhleb, Renounce Religion


You were in the Dungeon.
You worshipped Makhleb.
Makhleb was exalted by your worship.
You were not hungry.

You visited 1 branch

Inventory:

Hand Weapons
 k - the +โˆž Axe of Woe (weapon)
   (You found it in the Dungeon)
Missiles
 d - 5 tomahawks of dispersal (quivered)
Armour
 a - a +0 leather armour (worn)
Jewellery
 m - a +200 ring of slaying
 n - a +200 ring of slaying
 o - a +250 ring of slaying (left claw)
 p - a +250 ring of slaying (right claw)
Scrolls
 c - 2 scrolls of blinking
Potions
 e - a potion of curing
 g - a potion of heal wounds
 h - a potion of haste
 i - 2 potions of magic
 j - a potion of berserk rage
Books
 b - a book of Spatial Translocations

   Spells                             Type                      Level
   a - Blink                          Translocation                2
   b - Shroud of Golubria             Charms/Translocation         2
   c - Lesser Beckoning               Translocation                3
   d - Portal Projectile              Translocation                3
   e - Teleport Other                 Translocation                3
   f - Passage of Golubria            Translocation                4
Comestibles
 f - a meat ration
 l - a chunk of flesh


   Skills:
 O Level 27 Fighting
 O Level 27 Axes
 O Level 27 Throwing
 O Level 27 Armour
 O Level 27 Dodging
 O Level 27 Stealth
 O Level 27 Unarmed Combat
 O Level 27 Spellcasting
   Level 2.6 Translocations
 O Level 27 Invocations


You had 80 spell levels left.
You didn't know any spells.

Dungeon Overview and Level Annotations

Branches:
Dungeon (1/1)

Altars:
Makhleb


Innate Abilities, Weirdness & Mutations

Your body is rotting away.
You thrive on raw meat.
You are immune to poison.
You have sharp fingernails.
You are carnivorous and can eat meat at any time.
Your flesh is cold resistant. (rC+)
You are immune to negative energy. (rN+++)
You regenerate slowly when monsters are visible.
You are immune to unholy pain and torment.
You can survive without breathing.


Message History

You feel better.
You slice the crawling corpse like a ripe choko!!!
You hew the crawling corpse savagely.
You destroy the crawling corpse!
You slash the crawling corpse!
You fatally mangle the crawling corpse.
You destroy the crawling corpse!
You chop the bag of meat into pieces!!!!!
You hew the bag of meat savagely.
You kill the bag of meat!
Makhleb accepts your kill.
You feel better.
You hear a shout!
The meat berserker rages.
The meat beast bites you! The meat beast tramples you!
You hold your ground!
The fleshlord gestures wildly while chanting.
The fleshlord seems to speed up.
You hear a shout!
The fleshlord hits you with a +9 great mace!!!!!!
Ouch! That really hurt!
You die...

..... .....
.o#ยง. .o.# .o..
.LX# % .###oz
.oo###.%
..%%zp###{OoSo..
%..opo)_)pzOo...
...%#X{o)O#2....
. #_)<)_# ...
....#.2@)%#.....
....2.O_p...po..
Lo.%.M###ox..2..
.###.. ...###L.
#.O ...# . #D.
...# S. O.... po
....


You could see an accursed, 3 meat beasts, 3 tyrants, an eight-headed meat hydra,
2 scourges, 6 fleshlords, 3 sculptors of flesh, 2 large abominations, 4 meat
berserkers, 14 bags of meat and a crawling corpse.

Vanquished Creatures
  3 hell knights (D)
  Sigmund (D)
  8 hell beasts (D)
  8 greater mummies (D)
  3 great orbs of eyes (D)
  5 wraiths (D)
  Harold (D)
  21 vampire knights (D)
  45 ogres (D)
  3 liches (D)
  4 hydras (D)
  101 orcs (D)
  7 phantoms (D)
  10 hill giants (D)
  5 skeletal warriors (D)
  4 sea snakes (D)
  12 small abominations (D)
  8 large abominations (D)
  24 crawling corpses (D)
273 creatures vanquished.

Vanquished Creatures (others)
  8 crawling corpses (D)
8 creatures vanquished.

Grand Total: 281 creatures vanquished

Notes
Turn   | Place    | Note
-------+----------+-------------------------------------------
     0 | D        | protoss039 the Ghoul Warper began the quest for the Orb.
     0 | D        | Reached XP level 1. HP: 17/17 MP: 2/2
     2 | D        | Noticed a bag of meat
     2 | D        | Noticed a bag of meat
     2 | D        | Noticed a bag of meat
     4 | D        | Noticed a bag of meat
     4 | D        | Noticed a meat berserker
     5 | D        | Noticed a meat berserker
     5 | D        | Became a worshipper of Makhleb the Destroyer
     7 | D        | Killed a meat berserker
     7 | D        | Reached skill level 5 in Axes
     7 | D        | Reached skill level 5 in Throwing
     7 | D        | Reached skill level 5 in Armour
     7 | D        | Reached skill level 15 in Spellcasting
     7 | D        | Reached XP level 2. HP: 51/51 MP: 2/17
     7 | D        | Reached XP level 3. HP: 58/58 MP: 2/18
     7 | D        | Reached XP level 4. HP: 66/66 MP: 2/20
     7 | D        | Reached XP level 5. HP: 73/73 MP: 2/21
     7 | D        | Reached XP level 6. HP: 81/81 MP: 2/23
     7 | D        | Reached XP level 7. HP: 88/88 MP: 2/24
     7 | D        | Reached XP level 8. HP: 95/95 MP: 2/26
     7 | D        | Reached XP level 9. HP: 102/102 MP: 2/27
     7 | D        | Reached XP level 10. HP: 111/111 MP: 2/28
     7 | D        | Reached XP level 11. HP: 117/117 MP: 2/29
     7 | D        | Reached XP level 12. HP: 125/125 MP: 2/30
     7 | D        | Reached XP level 13. HP: 132/132 MP: 2/31
     8 | D        | Noticed a bag of meat
     8 | D        | Killed a bag of meat
     8 | D        | Reached * piety under Makhleb
     8 | D        | Reached skill level 15 in Dodging
     8 | D        | Reached XP level 14. HP: 144/144 MP: 2/33
     8 | D        | Killed a bag of meat
     8 | D        | Killed a meat berserker
     8 | D        | Reached skill level 10 in Axes
     8 | D        | Reached XP level 15. HP: 160/160 MP: 2/36
     9 | D        | Reached ** piety under Makhleb
     9 | D        | Reached XP level 16. HP: 170/170 MP: 2/38
    13 | D        | Noticed a meat berserker
    16 | D        | Killed a meat berserker
    16 | D        | Reached *** piety under Makhleb
    16 | D        | Reached skill level 15 in Axes
    16 | D        | Reached XP level 17. HP: 170/185 MP: 5/41
    17 | D        | Reached XP level 18. HP: 198/198 MP: 5/43
    18 | D        | Reached **** piety under Makhleb
    18 | D        | Reached skill level 27 in Fighting
    18 | D        | Reached skill level 10 in Throwing
    18 | D        | Reached skill level 10 in Armour
    21 | D        | Reached skill level 27 in Unarmed Combat
    21 | D        | Reached XP level 19. HP: 207/207 MP: 6/46
    22 | D        | Noticed a meat berserker
    24 | D        | Noticed a large bag of meat
    24 | D        | Reached ***** piety under Makhleb
    26 | D        | Noticed a meat berserker
    27 | D        | Noticed a large bag of meat
    28 | D        | Noticed a destroyer
    28 | D        | Killed a large bag of meat
    28 | D        | Reached XP level 20. HP: 192/216 MP: 8/49
    28 | D        | Killed a meat berserker
    28 | D        | Reached skill level 27 in Axes
    28 | D        | Reached skill level 27 in Dodging
    28 | D        | Reached skill level 27 in Spellcasting
    29 | D        | Noticed a meat berserker
    29 | D        | Noticed a destroyer
    30 | D        | Noticed a destroyer
    30 | D        | Noticed a large bag of meat
    31 | D        | Killed a destroyer
    31 | D        | Reached XP level 21. HP: 224/224 MP: 9/51
    32 | D        | Killed a meat berserker
    33 | D        | Noticed a meat berserker
    33 | D        | Noticed a destroyer
    33 | D        | Noticed a destroyer
    35 | D        | Reached ****** piety under Makhleb
    35 | D        | Killed a destroyer
    35 | D        | Reached skill level 27 in Throwing
    35 | D        | Reached skill level 27 in Armour
    35 | D        | Reached XP level 22. HP: 233/233 MP: 10/52
    36 | D        | Reached skill level 15 in Invocations
    38 | D        | Noticed a destroyer
    39 | D        | Killed a destroyer
    39 | D        | Reached XP level 23. HP: 240/240 MP: 11/53
    40 | D        | Killed a destroyer
    40 | D        | Reached skill level 27 in Stealth
    40 | D        | Reached skill level 27 in Invocations
    41 | D        | Noticed a destroyer
    41 | D        | Killed a destroyer
    41 | D        | Reached XP level 24. HP: 229/249 MP: 11/53
    43 | D        | Noticed a destroyer
    43 | D        | Noticed a tyrant
    44 | D        | Noticed a destroyer
    45 | D        | Noticed a destroyer
    45 | D        | Killed a destroyer
    45 | D        | Reached XP level 25. HP: 257/257 MP: 12/53
    46 | D        | Noticed a destroyer
    46 | D        | Killed a destroyer
    47 | D        | Reached XP level 26. HP: 266/266 MP: 13/53
    50 | D        | Killed a destroyer
    50 | D        | Reached XP level 27. HP: 273/273 MP: 14/53
    51 | D        | Killed a destroyer
    51 | D        | Killed a destroyer
    52 | D        | Noticed a destroyer
    53 | D        | Killed a tyrant
    54 | D        | Killed a destroyer
    58 | D        | Noticed a destroyer
    60 | D        | Noticed a dread
    60 | D        | Killed a destroyer
    63 | D        | Noticed a destroyer
    64 | D        | Killed a destroyer
    67 | D        | Noticed a dread
    70 | D        | Noticed a destroyer
    71 | D        | Noticed a meat beast
    72 | D        | Killed a destroyer
    72 | D        | Killed a destroyer
    72 | D        | Noticed a destroyer
    74 | D        | Killed a dread
    75 | D        | Killed a dread
    75 | D        | Killed a meat beast
    76 | D        | Killed a destroyer
    79 | D        | Noticed an accursed
    79 | D        | Noticed an accursed
    80 | D        | Noticed a destroyer
    80 | D        | Noticed a destroyer
    81 | D        | Killed a destroyer
    82 | D        | Noticed a meat beast
    82 | D        | Noticed a dread
    82 | D        | Noticed a tyrant
    87 | D        | Killed an accursed
    88 | D        | Noticed The Servant
    88 | D        | Killed a dread
    89 | D        | Killed an accursed
    90 | D        | Killed a meat beast
    90 | D        | Killed a tyrant
    91 | D        | Noticed a meat beast
    91 | D        | Killed a destroyer
    93 | D        | Noticed a dread
    95 | D        | Noticed a meat beast
    95 | D        | Noticed a tyrant
    96 | D        | Noticed an accursed
    97 | D        | Noticed an accursed
    98 | D        | Noticed a meat beast
    98 | D        | Noticed an accursed
   100 | D        | Noticed an accursed
   102 | D        | Killed a meat beast
   103 | D        | Killed a meat beast
   103 | D        | Killed an accursed
   104 | D        | Killed a meat beast
   107 | D        | Killed a tyrant
   108 | D        | Killed an accursed
   109 | D        | Noticed a destroyer
   109 | D        | Noticed a meat beast
   110 | D        | Noticed a dread
   110 | D        | Noticed a destroyer
   113 | D        | Killed The Servant
   114 | D        | Killed a destroyer
   114 | D        | Killed a dread
   116 | D        | Noticed an accursed
   116 | D        | Killed a meat beast
   119 | D        | Noticed a fleshlord
   119 | D        | Killed an accursed
   119 | D        | Killed a dread
   120 | D        | Noticed a meat beast
   121 | D        | Killed a destroyer
   121 | D        | Noticed a fleshlord
   122 | D        | Noticed an accursed
   124 | D        | Killed a meat beast
   126 | D        | Killed a fleshlord
   128 | D        | Killed a fleshlord
   128 | D        | Killed an accursed
   129 | D        | Noticed The Captor
   129 | D        | Noticed a fleshlord
   130 | D        | Killed a fleshlord
   130 | D        | Killed an accursed
   132 | D        | Noticed a fleshlord
   134 | D        | Noticed a fleshlord
   134 | D        | Killed an accursed
   136 | D        | Noticed a meat beast
   137 | D        | Noticed a fleshlord
   137 | D        | Noticed a meat beast
   138 | D        | Noticed a fleshlord
   138 | D        | Noticed a meat beast
   138 | D        | Killed The Captor
   138 | D        | Killed a meat beast
   139 | D        | Noticed a tyrant
   139 | D        | Noticed a fleshlord
   139 | D        | Noticed a destroyer
   139 | D        | Noticed a meat beast
   139 | D        | Noticed an accursed
   140 | D        | Noticed a fleshlord
   140 | D        | Noticed a tyrant
   140 | D        | Killed a destroyer
   140 | D        | Annihilated by a fleshlord

Skill      XL: |  1  2  3  4  5  6  7  8  9 10 11 12 13 14 15 16 17 18 19 20 21 22 23 |
---------------+----------------------------------------------------------------------+-----
Fighting       | 17 18 21 22 25 26 27 | 27.0
Axes           | 5 6 10 11 15 17 20 25 27 | 27.0
Throwing       | 5 6 7 8 9 11 12 20 27 | 27.0
Armour         | 5 6 7 9 11 12 22 27 | 27.0
Dodging        | 14 15 17 18 20 21 23 26 27 | 27.0
Unarmed Combat | 16 18 21 24 25 27 | 27.0
Spellcasting   | 15 16 18 19 21 22 24 26 27 | 27.0
Stealth        | 25 27 | 27.0
Invocations    | 23 27 | 27.0
Translocations | |  2.6

Action                   |  1- 3 |  4- 6 |  7- 9 | 10-12 | 13-15 | 16-18 | 19-21 | 22-24 | 25-27 || total
-------------------------+-------+-------+-------+-------+-------+-------+-------+-------+-------++-------
Melee: Executioner's axe |     1 |       |       |       |     2 |     8 |     9 |     8 |    81 ||   109
Invok: Greater Servant o |       |       |       |       |       |       |       |       |     2 ||     2
  Eat: Chunk             |       |       |       |       |       |     1 |       |       |       ||     1
Armor: Leather armour    |       |       |       |       |     1 |       |       |       |     1 ||     2
Dodge: Dodged            |       |       |       |       |       |     2 |       |       |     6 ||     8
